 Dungeon Crawl Stone Soup version 0.24-a0-205-g1d96822 (webtiles) character file.

Game seed: 2431376231103003492

58 Ijustatesigmund the Shield-Bearer (level 4, -2/31 HPs)
             Began as an Octopode Fighter on Mar 28, 2019.
             Slain by an adder (4 damage)
             ... on level 2 of the Dungeon.
             The game lasted 00:01:20 (568 turns).

Ijustatesigmund the Shield-Bearer (Octopode Fighter) Turns: 568, Time: 00:01:21

Health: -2/31      AC:  1    Str: 15    XL:     4   Next: 2%
Magic:  4/4        EV: 12    Int: 10    God:
Gold:   72         SH:  9    Dex: 12    Spells: 3/3 levels left

rFire    . . .     SeeInvis .   e - +3 mace (protect)
rCold    . . .     Gourm    .   b - +0 shield
rNeg     . . .     Faith    .   (helmet restricted)
rPois    .         Spirit   .   (no amulet)
rElec    .         Reflect  .   (no ring)
rCorr    .         Harm     .   (no ring)
MR       .....                  (no ring)
Stlth    +++.......             (no ring)
HPRegen  0.10/turn              (no ring)
MPRegen  0.09/turn              (no ring)
                                (no ring)
                                (no ring)

@: no status effects
A: almost no armour, stealthy swim, amphibious, 8 rings, constrict 8, camouflage
1, gelatinous body 1
a: no special abilities


You were on level 2 of the Dungeon.
You were not hungry.

You visited 1 branch of the dungeon, and saw 2 of its levels.

You collected 72 gold pieces.

Inventory:

Hand Weapons
 a - a +0 flail
 e - a +3 mace of protection (weapon)
Armour
 b - a +0 shield (worn)
Jewellery
 h - an uncursed ring of see invisible {unknown}
Scrolls
 f - 2 scrolls of magic mapping {unknown}
Potions
 c - 3 potions of might
 g - a potion of degeneration {unknown}
Comestibles
 d - 2 rations


   Skills:
 - Level 3.0 Fighting
 + Level 2.9 Maces & Flails
 - Level 3.0 Dodging
 + Level 2.1 Stealth
 + Level 3.8 Shields


You had 3 spell levels left.
You didn't know any spells.
Your spell library was empty.

Dungeon Overview and Level Annotations

Branches:
Dungeon (2/15)

Altars:


Innate Abilities, Weirdness & Mutations

You cannot wear most types of armour.
You are very stealthy in the water. (Stealth+)
You are amphibious.
You can wear up to eight rings at the same time.
You can use your tentacles to constrict eight enemies at once.
Your skin changes colour to match your surroundings (Stealth+).
Your rubbery body absorbs attacks. (AC +1, EV +1)


Message History

The magic dart hits you! The shadow imp hits you. Natasha barely misses you.
You block the adder's attack. You block the shadow imp's attack.
You are too injured to fight recklessly!
You are too injured to fight recklessly!
Unknown command.
You closely miss Natasha. You grab Natasha. You squeeze Natasha!
Natasha is heavily wounded.
You constrict Natasha. You block the adder's attack. Natasha claws you.
* * * LOW HITPOINT WARNING * * *
The shadow imp hits you.
* * * LOW HITPOINT WARNING * * *
You barely miss Natasha. You squeeze Natasha.
You kill Natasha!
Natasha screams in pain as she dies!
The crimson imp disappears in a puff of smoke!
The shadow imp disappears in a puff of smoke!
Your Stealth skill increases to level 2!
You have reached level 4!
The adder bites you.
You die...

.# .# .#
.###### .#.....
.#######g......
........S.?.$..
##§@..$....
###..##......
#...## .....
##.### §...
####(.# ...
##[....# ..
##..#.<.# .
#..##...# #
####.#.....# ##


You could see an adder and a goblin.

Vanquished Creatures
  Natasha (D:2)
  An adder (D:2)
  A dart slug (D:1)
  2 leopard geckos
  A giant cockroach (D:1)
  2 goblins (D:1)
  A hobgoblin (D:1)
  4 kobolds (D:1)
  5 bats
  A frilled lizard (D:1)
  3 rats (D:1)
22 creatures vanquished.

Notes
Turn   | Place    | Note
-------+----------+-------------------------------------------
     0 | D:1      | Ijustatesigmund the Octopode Fighter began the quest for
                  | the Orb.
     0 | D:1      | Reached XP level 1. HP: 16/16 MP: 1/1
   143 | D:1      | Reached XP level 2. HP: 21/21 MP: 2/2
   392 | D:1      | Reached skill level 1 in Stealth
   481 | D:2      | Reached XP level 3. HP: 26/26 MP: 3/3
   560 | D:2      | Noticed Natasha
   568 | D:2      | Killed Natasha
   568 | D:2      | Reached XP level 4. HP: 2/31 MP: 4/4
   568 | D:2      | Slain by an adder

Levels and vault maps discovered:
D:1:      minmay_arrival_nine_rooms, layout_rooms, minmay_distorted
D:2:      layout_rooms, fedhas_ov_isle_minmay, uniq_jessica, uniq_natasha,
          uniq_terence

Skill      XL: |  1  2  3 |
---------------+----------+-----
Stealth        | 1 2 |  2.1
Fighting       | |  3.0
Maces & Flails | |  2.9
Dodging        | |  3.0
Shields        | |  3.8

Action                   |  1- 3 |  4- 6 || total
-------------------------+-------+-------++-------
Melee: Flail             |     8 |       ||     8
       Mace              |    41 |       ||    41
       Constrict         |    11 |       ||    11
       Tentacles         |     7 |       ||     7
  Use: Scroll            |     2 |       ||     2
 Stab: Sleeping          |     6 |       ||     6
Armor: Skin              |    14 |       ||    14
Dodge: Dodged            |    23 |       ||    23
Block: Shield            |    29 |       ||    29

Table legend:
 A = Non-vault XP
 B = Vault XP
 C = Vault XP percentage of total XP
 D = Non-vault monster count
 E = Vault monster count
 F = Vault count percentage of total count
                 A         B        C        D         E       F
            +---------+---------+-------+---------+---------+-------
      Total |      47 |      37 |  44.0 |      20 |       2 |   9.1
            +---------+---------+-------+---------+---------+-------
        D:1 |      27 |       2 |   6.9 |      15 |       1 |   6.2
        D:2 |      20 |      35 |  63.6 |       5 |       1 |  16.7
            +---------+---------+-------+---------+---------+-------
